 Dungeon Crawl Stone Soup version 0.29.1-15-g9cfb28693d (webtiles) character file.

Game seed: 10422197284110859346

138 leafyfresh the Sneak (level 5, -1/37 HPs)
             Began as an Octopode Delver on Mar 4, 2023.
             Frozen to death by an endoplasm (4 damage)
             ... on level 2 of the Dungeon.
             The game lasted 00:02:06 (2079 turns).

leafyfresh the Sneak (Octopode Delver)              Turns: 2079, Time: 00:02:06

Health: -1/37      AC:  1    Str: 12    XL:     5   Next: 21%
Magic:  5/5        EV: 13    Int: 12    God:
Gold:   150        SH:  5    Dex: 15    Spells: 4/4 levels left

rFire   . . .      SeeInvis .   a - +0 short sword
rCold   . . .      Faith    .   j - +2 buckler
rNeg    . . .      Spirit   .   (helmet restricted)
rPois   .          Reflect  .   (no amulet)
rElec   .          Harm     .   (no ring)
rCorr   .          Rampage  .   (no ring)
Will    .....                   (no ring)
Stlth   +++++.....              (no ring)
HPRegen 0.12/turn               (no ring)
MPRegen 0.09/turn               (no ring)
                                (no ring)
                                (no ring)

@: no status effects
A: almost no armour, amphibious, 8 rings, camouflage 1, gelatinous body 1,
(nimble swimmer 1), tentacles
a: no special abilities


You were on level 2 of the Dungeon.
You visited 1 branch of the dungeon, and saw 4 of its levels.

You collected 150 gold pieces.

Inventory:

Hand Weapons
 a - a +0 short sword (weapon)
Armour
 j - a +2 buckler (worn)
Wands
 f - a wand of digging (3)
Scrolls
 b - a scroll of fog
 c - a scroll of magic mapping
 d - a scroll of fear
 g - 2 scrolls of immolation {unknown}
 i - 2 scrolls of silence {unknown}
 m - a scroll of poison {unknown}
 o - 2 scrolls of amnesia {unknown}
 r - a scroll of blinking {unknown}
 u - a scroll of teleportation {unknown}
Potions
 e - a potion of haste
 h - a potion of might {unknown}
 k - a potion of attraction {unknown}
 l - a potion of lignification {unknown}
 n - 2 potions of mutation {unknown}
 p - a potion of berserk rage {unknown}
 q - a potion of cancellation {unknown}
 s - 2 potions of heal wounds {unknown}
 t - a potion of curing {unknown}


   Skills:
 + Level 4.1 Fighting
 - Level 2.0 Short Blades
 + Level 3.3 Dodging
 + Level 7.8 Stealth


You had 4 spell levels left.
You didn't know any spells.
Your spell library contained the following spells:

 Spells                   Type           Power      Damage    Failure   Level
 Sandblast                Erth           0%         2d4       41%         1
 Passwall                 Tmut/Erth      0%         N/A       56%         2
 Stone Arrow              Conj/Erth      0%         3d7       80%         3


Dungeon Overview and Level Annotations

Branches:
Dungeon (5/15)
 Temple: D:4-7

Altars:
Hepliaklqana
Ru


Innate Abilities, Weirdness & Mutations

You cannot wear most types of armour.
You are amphibious.
You can wear up to eight rings at the same time.
Your skin changes colour to match your surroundings (Stealth+).
Your rubbery body absorbs attacks. (AC +1, EV +1)
((You are camouflaged when in or above water. (Stealth+)))
You have tentacles for arms and can constrict up to eight enemies at once.


Message History

You hear a shout!
You hit the orc priest.
The orc priest is severely wounded.
You constrict the orc priest. The giant cockroach bites you.
An orc wizard comes into view. It is wielding a +0 dagger.
The endoplasm closely misses you.
The orc priest invokes the aid of Beogh against you.
Pain shoots through your body! The giant cockroach bites you.
* * * LOW HITPOINT WARNING * * *
You hit the orc priest but do no damage.
The orc priest is severely wounded.
You constrict the orc priest.
You kill the orc priest!
The endoplasm barely misses you.
The orc wizard mumbles some strange words.
The orc wizard flickers and vanishes!
Deactivating autopickup; reactivate with Ctrl-A.
You block the giant cockroach's attack.
Your Fighting skill increases to level 4!
You have reached level 5!
You feel stronger.
An orc comes into view. It is wielding a +2 mace of protection.
The orc attacks as you move away! The orc barely misses you.
The endoplasm hits the bush but does no damage.
You hit the orc. You grab the orc. You squeeze the orc, but do no damage.
The orc is lightly wounded.
You constrict the orc, but do no damage.
The endoplasm hits the bush but does no damage.
The orc hits you with a +0 war axe!
* * * LOW HITPOINT WARNING * * *
The orc shouts!
You hit the orc. You squeeze the orc.
You kill the orc!
You block the endoplasm's attack.
You hit the endoplasm.
The endoplasm is heavily wounded.
The giant cockroach bites the bush but does no damage.
The endoplasm freezes you.
You are frozen.
You die...

.........###P.P.....#
#.#####.##..♣P♣P♣..<##
#.##.♣P♣♣♣PP...#
#.#####...P♣♣........#
#.........P♣.♣P......#
########..♣♣..P.....##
##.♣P........# #####
#..P..#...#.# ......
#PP@..##†##.#
......##BJP..#..##.###
.......o.###.#.###.#.##
......o.......).....#.##
.............#.###.###.##
......#.####.#.##.##
##(## ......#.# # #.#.#
##.# ##.## #!. #.##.#
##.## # ### #.# ..###.##


You could see 2 orcs, an endoplasm and a giant cockroach.

Vanquished Creatures
  An orc priest (D:2)
  Jessica (D:3)
  An iguana (D:4)
  2 adders
  A worm (D:3)
  5 orcs
  2 bats (D:3)
  2 endoplasms (D:4)
  2 giant cockroaches
  2 goblins
  3 hobgoblins
  3 jackals (D:4)
  3 kobolds
  2 frilled lizards (D:3)
  4 rats
34 creatures vanquished.

Vanquished Creatures (others)
  15 plants (D:2)
15 creatures vanquished.

Grand Total: 49 creatures vanquished

Notes
Turn   | Place    | Note
-------+----------+-------------------------------------------
     0 | D:5      | leafyfresh the Octopode Delver began the quest for the Orb.
     0 | D:5      | Reached XP level 1. HP: 16/16 MP: 1/1
    38 | D:4      | Reached XP level 2. HP: 21/21 MP: 2/2
    48 | D:4      | Found a sacrificial altar of Ru.
   279 | D:4      | Reached skill level 7 in Stealth
   297 | D:4      | Reached XP level 3. HP: 22/26 MP: 3/3
   342 | D:3      | Noticed Jessica
   351 | D:3      | Killed Jessica
   352 | D:3      | Reached XP level 4. HP: 17/33 MP: 4/4
  1512 | D:3      | Found a hazy altar of Hepliaklqana.
  1743 | D:2      | Found a faded altar of an unknown god.
  2074 | D:2      | Reached XP level 5. HP: 10/37 MP: 5/5
  2079 | D:2      | Frozen to death by an endoplasm

Illustrated notes

Levels and vault maps discovered:
D:2:      layout_loops_ring, serial_forest, infiniplex_forest_clump_tiny,
          infiniplex_forest_clump_large, infiniplex_forest_clump_diagonal,
          infiniplex_forest_3_way, infiniplex_forest_diagonal,
          infiniplex_forest_lined_corner, infiniplex_forest_lined_room_3,
          infiniplex_forest_side_room, infiniplex_forest_clump_curved,
          dilly_ecumenical_altar_fadedgnrine, uniq_sigmund
D:3:      layout_basic, nicolae_hepliaklqana_hippocampus, chequers_mini_garden,
          minmay_misc_feat_tower, minmay_misc_feat_ornament, uniq_jessica
D:4:      layout_loops_ring, mainiacjoe_overflow_paths
D:5:      lemuel_insect_pit, layout_cave_pods, tgw_fedhas,
          minmay_temple_entry_waves, minmay_tree_intersection,
          minmay_stone_trees_small

Skill      XL: |  1  2  3  4 |
---------------+-------------+-----
Stealth        | 7 |  7.8
Dodging        | 3 |  3.3
Fighting       | 4 |  4.1
Short Blades   | |  2.0

Action                   |  1- 3 |  4- 6 || total
-------------------------+-------+-------++-------
Melee: Short sword       |    26 |    35 ||    61
       Constrict         |     7 |     9 ||    16
       Tentacles         |     6 |     7 ||    13
 Stab: Sleeping          |     8 |     7 ||    15
       Distracted        |       |     2 ||     2
Dodge: Dodged            |    10 |    13 ||    23
Block: Buckler           |       |    10 ||    10
